APP
SAN DIEGO (APP) PADRES @ PHILADELPHIA (APP) PHILLIES
05/30/2044
 
TOP OF THE 1ST
San Diego (APP) Padres batting - Pitching for Philadelphia (APP) Phillies : RHP Manny Cordova
Pitching: RHP Manny Cordova
Batting: SHB Yutaro Takahashi 0-0: Called Strike
0-1: Ball
1-1: Fly out, F9 (Flyball, 89XD, EV 86.9 MPH)
Batting: LHB Sammy Roddenberry 0-0: Swinging Strike
0-1: Ground out 5-3 (Groundball, 56, EV 96.2 MPH)
Batting: RHB Freddie Brown 0-0: Called Strike
0-1: Foul Ball, location: 2F
0-2: Ball
1-2: Ball
2-2: Foul Ball, location: 2F
2-2: Ball
3-2: Base on Balls
Batting: LHB Phil Lerner 0-0: Called Strike
0-1: Foul Ball, location: 2F
0-2: Ball
1-2: Strikes out swinging
Top of the 1st over - 0 runs, 0 hits, 0 errors, 1 left on base; San Diego (APP) 0 - Philadelphia (APP) 0
BOTTOM OF THE 1ST
Philadelphia (APP) Phillies batting - Pitching for San Diego (APP) Padres : RHP Rogelio Nunez
Pitching: RHP Rogelio Nunez
Batting: LHB Matt Urbanek 0-0: Ball
1-0: Ball
2-0: Foul Ball, location: 2F
2-1: SINGLE (Groundball, 4MD, EV 98.1 MPH)
Batting: RHB Seung-mun Kim 0-0: Called Strike
0-1: Ball
1-1: SINGLE (Groundball, 56D, EV 101.9 MPH)
Matt Urbanek to second
Batting: LHB Alex Fernandez 0-0: Ball
1-0: Foul Ball, location: 2F
1-1: Called Strike
1-2: Strikes out swinging
Batting: RHB Kyle Reilly 0-0: Swinging Strike
0-1: Grounds into double play, 3-6-3 (Groundball, 34S, EV 87.5 MPH)
Bottom of the 1st over - 0 runs, 2 hits, 0 errors, 1 left on base; San Diego (APP) 0 - Philadelphia (APP) 0
TOP OF THE 2ND
San Diego (APP) Padres batting - Pitching for Philadelphia (APP) Phillies : RHP Manny Cordova
Batting: RHB Aaron Joseph 0-0: Ball
1-0: Ball
2-0: Called Strike
2-1: Ground out 6-3 (Groundball, 6M, EV 85.6 MPH)
Batting: LHB Ramon Vega 0-0: SINGLE (Groundball, 56S, EV 68.1 MPH) (infield hit)
Batting: RHB Tyler West 0-0: Foul Ball, location: 2F
0-1: Ball
1-1: Foul Ball, location: 2F
1-2: Fielders Choice at 2nd, 2-4 (Groundball, 2L, EV 68.8 MPH)
Batting: RHB Brent Little 0-0: DOUBLE (Line Drive, 89D, EV 111.2 MPH)
Tyler West to third
Batting: RHB Stephon Hill 0-0: Ground out U3 (Groundball, 3, EV 81.9 MPH)
Top of the 2nd over - 0 runs, 2 hits, 0 errors, 2 left on base; San Diego (APP) 0 - Philadelphia (APP) 0
BOTTOM OF THE 2ND
Philadelphia (APP) Phillies batting - Pitching for San Diego (APP) Padres : RHP Rogelio Nunez
Batting: RHB Eduardo Calderon 0-0: Ball
1-0: Foul Ball, location: 2F
1-1: Foul Ball, location: 2F
1-2: Foul Ball, location: 2F
1-2: Ball
2-2: Foul Ball, location: 2F
2-2: Ball
3-2: Base on Balls
Batting: RHB Carlos Morejon 0-0: Ball
1-0: Grounds into double play, 6-4-3 (Groundball, 6, EV 106.2 MPH)
Batting: LHB Eric Farren 0-0: Called Strike
0-1: Ball
1-1: Foul Ball, location: 2F
1-2: Foul Ball, location: 2F
1-2: Ball
2-2: Ball
3-2: Strikes out swinging
Bottom of the 2nd over - 0 runs, 0 hits, 0 errors, 0 left on base; San Diego (APP) 0 - Philadelphia (APP) 0
TOP OF THE 3RD
San Diego (APP) Padres batting - Pitching for Philadelphia (APP) Phillies : RHP Manny Cordova
Batting: SHB Yutaro Takahashi 0-0: Ball
1-0: Foul Ball, location: 2F
1-1: Swinging Strike
1-2: Ball
2-2: Strikes out swinging
Batting: LHB Sammy Roddenberry 0-0: Swinging Strike
0-1: Ball
1-1: Foul Ball, location: 2F
1-2: Ball
2-2: DOUBLE (Line Drive, 89XD, EV 106.2 MPH)
Batting: RHB Freddie Brown 0-0: Called Strike
0-1: Foul Ball, location: 2F
0-2: Ball
1-2: Foul Ball, location: 2F
1-2: Foul Ball, location: 2F
1-2: Ball
2-2: Ball
3-2: Foul Ball, location: 2F
3-2: Ground out 5-3 (Groundball, 56S, EV 83.1 MPH)
Batting: LHB Phil Lerner 0-0: Ball
1-0: Ball
2-0: Ball
3-0: Called Strike
3-1: Base on Balls
Batting: RHB Aaron Joseph 0-0: Swinging Strike
0-1: Fly out, F3 (Popup, 3F, EV 70.6 MPH)
Top of the 3rd over - 0 runs, 1 hit, 0 errors, 2 left on base; San Diego (APP) 0 - Philadelphia (APP) 0
BOTTOM OF THE 3RD
Philadelphia (APP) Phillies batting - Pitching for San Diego (APP) Padres : RHP Rogelio Nunez
Batting: RHB Vaclav Been 0-0: Swinging Strike
0-1: Foul Ball, location: 2F
0-2: Foul Ball, location: 2F
0-2: Strikes out swinging
Batting: RHB Mark Schultz 0-0: Called Strike
0-1: SINGLE (Groundball, 4M, EV 102.5 MPH) (infield hit)
Batting: LHB Matt Urbanek 0-0: Ball
Mark Schultz steals 2nd base
1-0: Foul Ball, location: 2F
1-1: Foul Ball, location: 2F
1-2: Fly out, F9 (Flyball, 9LD, EV 81.2 MPH)
Runner from 2nd tags up, SAFE at 3rd, no throw by RF
Batting: RHB Seung-mun Kim 0-0: Ball
1-0: Foul Ball, location: 2F
1-1: Foul Ball, location: 2F
1-2: Reached on error, E5 (Groundball, 5, EV 104.4 MPH)
Mark Schultz scores
Batting: LHB Alex Fernandez 0-0: Ground out U3 (Groundball, 34, EV 101.2 MPH)
Bottom of the 3rd over - 1 run, 1 hit, 1 error, 1 left on base; San Diego (APP) 0 - Philadelphia (APP) 1
TOP OF THE 4TH
San Diego (APP) Padres batting - Pitching for Philadelphia (APP) Phillies : RHP Manny Cordova
Batting: LHB Ramon Vega 0-0: Called Strike
0-1: Ball
1-1: SINGLE (Groundball, 15S, EV 60.0 MPH) (infield hit)
Batting: RHB Tyler West 0-0: Called Strike
0-1: Grounds into double play, 6-4-3 (Groundball, 6, EV 103.8 MPH)
Batting: RHB Brent Little 0-0: Ground out 5-3 (Groundball, 15, EV 85.6 MPH)
Top of the 4th over - 0 runs, 1 hit, 0 errors, 0 left on base; San Diego (APP) 0 - Philadelphia (APP) 1
BOTTOM OF THE 4TH
Philadelphia (APP) Phillies batting - Pitching for San Diego (APP) Padres : RHP Rogelio Nunez
Batting: RHB Kyle Reilly 0-0: Foul Ball, location: 2F
0-1: Fly out, F9 (Flyball, 9LM, EV 99.4 MPH)
Batting: RHB Eduardo Calderon 0-0: Ground out 1-3 (Groundball, 34S, EV 75.0 MPH)
Batting: RHB Carlos Morejon 0-0: Ball
1-0: Called Strike
1-1: Called Strike
1-2: Fly out, F8 (Line Drive, 8LD, EV 90.0 MPH)
Bottom of the 4th over - 0 runs, 0 hits, 0 errors, 0 left on base; San Diego (APP) 0 - Philadelphia (APP) 1
TOP OF THE 5TH
San Diego (APP) Padres batting - Pitching for Philadelphia (APP) Phillies : RHP Manny Cordova
Batting: RHB Stephon Hill 0-0: Ground out 4-3 (Groundball, 34, EV 102.5 MPH)
Batting: SHB Yutaro Takahashi 0-0: Foul Ball, location: 2F
0-1: DOUBLE (Line Drive, 9LS, EV 90.6 MPH)
Batting: LHB Sammy Roddenberry 0-0: Ball
1-0: Called Strike
Yutaro Takahashi steals 3rd base
1-1: Swinging Strike
1-2: Foul Ball, location: 2F
1-2: Foul Ball, location: 2F
1-2: Ball
2-2: Ball
3-2: Strikes out swinging
Batting: RHB Freddie Brown 0-0: Foul Ball, location: 2F
0-1: Hit by Pitch
Batting: LHB Phil Lerner 0-0: Ball
1-0: Ball
2-0: Swinging Strike
2-1: Ball
3-1: Foul Ball, location: 2F
3-2: Strikes out swinging
Top of the 5th over - 0 runs, 1 hit, 0 errors, 2 left on base; San Diego (APP) 0 - Philadelphia (APP) 1
BOTTOM OF THE 5TH
Philadelphia (APP) Phillies batting - Pitching for San Diego (APP) Padres : RHP Rogelio Nunez
Batting: LHB Eric Farren 0-0: Ball
1-0: Ball
2-0: Ball
3-0: Called Strike
3-1: Fly out, F7 (Line Drive, 7S, EV 84.4 MPH)
Batting: RHB Vaclav Been 0-0: Called Strike
0-1: Ball
1-1: Ground out 4-3 (Groundball, 4, EV 103.8 MPH)
Batting: RHB Mark Schultz 0-0: Ball
1-0: SINGLE (Flyball, 89S, EV 96.2 MPH)
Batting: LHB Matt Urbanek 0-0: Ball
1-0: Ball
2-0: Called Strike
2-1: Called Strike
2-2: Ball
3-2: Foul Ball, location: 2F
3-2: Base on Balls
Mark Schultz to second
Batting: RHB Seung-mun Kim 0-0: Ball
1-0: Swinging Strike
1-1: Swinging Strike
1-2: Ball
2-2: SINGLE (Groundball, 56D, EV 96.9 MPH)
Mark Schultz to third
Matt Urbanek to second
Runner from 3rd tries for Home, throw by LF and OUT! 7-2
Bottom of the 5th over - 0 runs, 2 hits, 0 errors, 2 left on base; San Diego (APP) 0 - Philadelphia (APP) 1
TOP OF THE 6TH
San Diego (APP) Padres batting - Pitching for Philadelphia (APP) Phillies : RHP Manny Cordova
Batting: RHB Aaron Joseph 0-0: Ball
1-0: Fly out, F7 (Flyball, 7S, EV 91.2 MPH)
Batting: LHB Ramon Vega 0-0: Ball
1-0: Ball
2-0: Ball
3-0: Base on Balls
Batting: RHB Tyler West 0-0: Ball
Ramon Vega is caught stealing 2nd base 2-4
1-0: Foul Ball, location: 2F
1-1: Ball
2-1: Ground out 6-3 (Groundball, 6S, EV 76.9 MPH)
Top of the 6th over - 0 runs, 0 hits, 0 errors, 0 left on base; San Diego (APP) 0 - Philadelphia (APP) 1
BOTTOM OF THE 6TH
Philadelphia (APP) Phillies batting - Pitching for San Diego (APP) Padres : RHP Rogelio Nunez
Batting: LHB Alex Fernandez 0-0: Called Strike
0-1: Ground out 4-3 (Groundball, 4, EV 82.5 MPH)
Pitching: RHP Scott Gillis
Batting: RHB Kyle Reilly 0-0: Called Strike
0-1: Called Strike
0-2: Foul Ball, location: 2F
0-2: Ball
1-2: Strikes out swinging
Batting: RHB Eduardo Calderon 0-0: Ball
1-0: Called Strike
1-1: Swinging Strike
1-2: Strikes out looking
Bottom of the 6th over - 0 runs, 0 hits, 0 errors, 0 left on base; San Diego (APP) 0 - Philadelphia (APP) 1
TOP OF THE 7TH
San Diego (APP) Padres batting - Pitching for Philadelphia (APP) Phillies : RHP Manny Cordova
Batting: RHB Brent Little 0-0: Called Strike
0-1: Ball
1-1: Swinging Strike
1-2: Foul Ball, location: 2F
1-2: Ball
2-2: Ball
3-2: Base on Balls
Pitching: RHP Georgs Felitti
Batting: RHB Stephon Hill 0-0: Sac Bunt to 23 - play at first, batter OUT! 3-4
Brent Little to second
Batting: SHB Yutaro Takahashi 0-0: Ground out 5-3 (Groundball, 6S, EV 83.8 MPH)
Batting: LHB Sammy Roddenberry 0-0: Ball
1-0: Fly out, F7 (Flyball, 78S, EV 88.8 MPH)
Top of the 7th over - 0 runs, 0 hits, 0 errors, 1 left on base; San Diego (APP) 0 - Philadelphia (APP) 1
BOTTOM OF THE 7TH
Philadelphia (APP) Phillies batting - Pitching for San Diego (APP) Padres : RHP Scott Gillis
Pitching: LHP Kenny Cohn
Batting: RHB Carlos Morejon 0-0: Called Strike
0-1: Ball
1-1: Swinging Strike
1-2: Strikes out swinging
Batting: LHB Eric Farren 0-0: Foul Ball, location: 2F
0-1: Called Strike
0-2: Foul Ball, location: 2F
0-2: SINGLE (Groundball, 2R, EV 67.5 MPH) (infield hit)
Batting: RHB Vaclav Been 0-0: Ball
1-0: Called Strike
1-1: Ball
2-1: Ball
3-1: Called Strike
3-2: Strikes out swinging
Batting: RHB Mark Schultz 0-0: Ball
1-0: Fielders Choice at 2nd, 5-4 (Groundball, 5L, EV 105.0 MPH)
Bottom of the 7th over - 0 runs, 1 hit, 0 errors, 1 left on base; San Diego (APP) 0 - Philadelphia (APP) 1
TOP OF THE 8TH
San Diego (APP) Padres batting - Pitching for Philadelphia (APP) Phillies : RHP Georgs Felitti
Batting: RHB Freddie Brown 0-0: Swinging Strike
0-1: Fly out, F9 (Flyball, 89D, EV 90.6 MPH)
Batting: LHB Phil Lerner 0-0: Foul Ball, location: 2F
0-1: Foul Ball, location: 2F
0-2: Ball
1-2: Strikes out swinging
Pinch Hitting: LHB Carlos Cuellar 0-0: Ball
1-0: Foul Ball, location: 2F
1-1: Fly out, F3 (Line Drive, 3, EV 70.0 MPH)
Top of the 8th over - 0 runs, 0 hits, 0 errors, 0 left on base; San Diego (APP) 0 - Philadelphia (APP) 1
BOTTOM OF THE 8TH
Philadelphia (APP) Phillies batting - Pitching for San Diego (APP) Padres : LHP Kenny Cohn
Pitching: RHP Nick Goodlow
Now at 1B: Hugo MacBeth
Batting: LHB Matt Urbanek 0-0: Ground out 5-3 (Groundball, 56S, EV 69.4 MPH)
Batting: RHB Seung-mun Kim 0-0: Foul Ball, location: 2F
0-1: Ground out 5-3 (Groundball, 56S, EV 71.9 MPH)
Batting: LHB Alex Fernandez 0-0: Called Strike
0-1: Ball
1-1: Ball
2-1: Called Strike
2-2: Strikes out swinging
Bottom of the 8th over - 0 runs, 0 hits, 0 errors, 0 left on base; San Diego (APP) 0 - Philadelphia (APP) 1
TOP OF THE 9TH
San Diego (APP) Padres batting - Pitching for Philadelphia (APP) Phillies : RHP Georgs Felitti
Pitching: RHP Lucas McPhillie
Now at 1B: Danny Zuniga
Now at 3B: Eric Farren
Now at SS: Gary Sampson
Batting: LHB Ramon Vega 0-0: Ball
1-0: Called Strike
1-1: Ball
2-1: Ball
3-1: Fly out, F8 (Flyball, 78D, EV 98.8 MPH)
Pinch Hitting: LHB Conor Barron 0-0: Ball
1-0: Foul Ball, location: 2F
1-1: Ball
2-1: Ball
3-1: Base on Balls
Batting: RHB Brent Little 0-0: Ball
1-0: Called Strike
1-1: Ball
2-1: Foul Ball, location: 2F
2-2: Ground out U3 (Groundball, 3, EV 104.4 MPH)
Conor Barron to second
Pinch Hitting: LHB Ramon Padilla 0-0: Called Strike
0-1: Ball
1-1: Ground out U3 (Groundball, 3L, EV 106.2 MPH)
Top of the 9th over - 0 runs, 0 hits, 0 errors, 1 left on base; San Diego (APP) 0 - Philadelphia (APP) 1
Thursday, March 31st , 2022 - OOTP Baseball 22.12 Build 89